 Dungeon Crawl Stone Soup version 0.30-a0-385-gfebfb9b408 (webtiles) character file.

Game seed: 247018469155998748

145947 Ijustatesigmund the Timeless (level 16, -20/132 HPs)
             Began as a Demonspawn Conjurer on Dec 1, 2022.
             Was a High Priest of Cheibriados.
             Killed from afar by a will-o-the-wisp (21 damage)
             ... with a foxfire
             ... on level 4 of the Swamp on Dec 2, 2022.
             The game lasted 02:33:44 (32302 turns).

Ijustatesigmund the Timeless (Demonspawn Conjurer) Turns: 32302, Time: 02:33:47

Health: -20/132    AC: 14    Str: 21    XL:     16   Next: 88%
Magic:  0/40       EV: 18    Int: 39    God:    Cheibriados [*****.]
Gold:   1035       SH:  9    Dex: 34    Spells: 4/38 levels left

rFire   . . .      SeeInvis .    w - +6 morningstar
rCold   . . .      Faith    .    p - +1 buckler {rPois}
rNeg    . . .      Spirit   +    f - +2 troll leather armour {Snorg}
rPois   +          Reflect  .    s - +1 helmet
rElec   +          Harm     .    l - +1 cloak {Stlth+}
rCorr   .          Rampage  .    (gloves unavailable)
Will    +....                    I - +0 pair of boots
Stlth   ++++++....               A - amulet "Paympusch" {rElec Regen+ Dex+6}
HPRegen 2.02/turn                i - ring of magical power
MPRegen 0.54/turn                N - ring of wizardry

@: lethally poisoned (-20 -> -20), very slow
A: thin skeletal structure 2, spiny 2, magic shield, magic regeneration, demonic
touch 3, dopey 1, robust 1
a: Renounce Religion, Bend Time, Temporal Distortion, Slouch, Step From Time


You were on level 4 of the Swamp.
You worshipped Cheibriados.
Cheibriados was extremely pleased with you.
You visited 4 branches of the dungeon, and saw 26 of its levels.
You also visited: Bailey and Volcano.

You collected 2922 gold pieces.
You spent 1887 gold pieces at shops.

Inventory:

Hand Weapons
 w - a +6 morningstar (weapon)
 E - a -1 demon whip of venom
 Q - the +10 dagger "Ten Laest" {freeze, rElec rPois rCorr SInv}
   (You found it in a volcano)

   It freezes those it strikes, dealing additional cold damage.
   It can also slow down cold-blooded creatures.
   rElec:     It insulates you from electricity.
   rPois:     It protects you from poison.
   SInv:      It lets you see invisible.
   rCorr:     It protects you from acid and corrosion.
Armour
 a - +0 swamp dragon scales
 c - a +2 robe of fire resistance
 f - a +2 troll leather armour (worn) {Snorg}
 l - a +1 cloak of stealth (worn)
 p - a +1 buckler of poison resistance (worn)
 s - a +1 helmet (worn)
 I - a +0 pair of boots (worn)
Magical Staves
 d - a staff of poison
Jewellery
 i - a ring of magical power (left hand)
 q - a ring of ice
 r - an amulet of the acrobat
 v - a ring of willpower
 A - the amulet "Paympusch" (around neck) {rElec Regen+ Dex+6}
   (You found it on level 1 of the Orcish Mines)

   [amulet of regeneration]

   Dex:       It affects your dexterity (+6).
   rElec:     It insulates you from electricity.
   Regen:     It increases your rate of health regeneration.
 C - a ring of resist corrosion
 D - a ring of willpower
 M - a ring of protection from fire
 N - a ring of wizardry (right hand)
 T - the ring "Nuph" {rF+ rC+ rN+}
   (You acquired it on level 2 of the Orcish Mines)

   [ring of positive energy]

   rF:        It protects you from fire.
   rC:        It protects you from cold.
   rN:        It protects you from negative energy.
 V - a ring of willpower
Wands
 g - a wand of iceblast (2)
 m - a wand of digging (23)
 F - a wand of mindburst (7)
 G - a wand of polymorph (8)
 L - a wand of paralysis (24)
 R - a wand of flame (14)
Scrolls
 y - 3 scrolls of fog
 z - 8 scrolls of identify
 B - 2 scrolls of poison
 H - a scroll of amnesia
 K - 2 scrolls of silence
 U - 2 scrolls of immolation
Potions
 b - 3 potions of magic
 h - 6 potions of mutation
 j - 5 potions of attraction
 n - 3 potions of flight
 t - 9 potions of lignification
 u - 6 potions of curing
 J - 4 potions of brilliance
 P - 3 potions of ambrosia


   Skills:
 - Level 9.4 Fighting
 - Level 4.4 Maces & Flails
 - Level 12.3 Armour
 - Level 6.0 Dodging
 - Level 1.7 Stealth
 - Level 6.9 Shields
 - Level 11.8 Spellcasting
 - Level 9.3 Conjurations
 - Level 2.8 Hexes
 - Level 4.5 Necromancy
 + Level 7.5 Transmutations
 - Level 8.2 Fire Magic
 - Level 6.0 Earth Magic
 + Level 8.3 Poison Magic
 - Level 15.4 Invocations
 - Level 6.5 Evocations


You had 4 spell levels left.
You knew the following spells:

 Your Spells              Type           Power      Damage    Failure   Level
a - Magic Dart            Conj           100%       1d8       1%          1
b - Searing Ray           Conj           100%       2d8       1%          2
c - Sticky Flame          Conj/Fire      75%        2d9       1%          4
d - Ignite Poison         Fire/Tmut/Pois 72%        N/A       1%          3
e - Stone Arrow           Conj/Erth      100%       3d13      1%          3
f - Passwall              Tmut/Erth      55%        N/A       1%          2
g - Anguish               Hex/Necr       25%        N/A       1%          4
h - Borgnjor's Vile Clut  Necr/Erth      29%        N/A       2%          5
i - Olgreb's Toxic Radia  Pois           73%        N/A       1%          4
j - Eringya's Noxious Bo  Tmut/Pois      35%        N/A       5%          6

Your spell library contained the following spells:

 Spells                   Type           Power      Damage    Failure   Level
 Beastly Appendage        Tmut           100%       N/A       1%          1
 Sting                    Tmut/Pois      100%       1d8       1%          1
 Ensorcelled Hibernation  Hex/Ice        68%        N/A       1%          2
 Wereblood                Tmut           70%        N/A       1%          2
 Dazzling Flash           Conj/Hex       100%       N/A       1%          3
 Portal Projectile        Hex/Tloc       68%        N/A       1%          3
 Spider Form              Tmut/Pois      71%        N/A       1%          3
 Animate Dead             Necr           56%        N/A       1%          4
 Fulminant Prism          Conj/Hex       31%        3d16      1%          4
 Iskenderun's Mystic Bla  Conj/Tloc      56%        2d12      1%          4
 Leda's Liquefaction      Hex/Erth       27%        N/A       1%          4
 Call Canine Familiar     Summ           23%        N/A       2%          3
 Gell's Gravitas          Tloc           23%        N/A       2%          3
 Lesser Beckoning         Tloc           46%        N/A       2%          3
 Ozocubu's Armour         Ice            23%        N/A       2%          3
 Swiftness                Air            23%        N/A       2%          3
 Teleport Other           Tloc           23%        N/A       2%          3
 Animate Armour           Summ/Erth      92%        N/A       2%          4
 Alistair's Intoxication  Tmut/Pois      47%        N/A       1%          5
 Metabolic Englaciation   Hex/Ice        17%        N/A       14%         5
 Summon Mana Viper        Hex/Summ       34%        N/A       14%         5
 Death Channel            Necr           28%        N/A       21%         6
 Summon Forest            Summ/Tloc      11%        N/A       24%         5
 Simulacrum               Ice/Necr       20%        N/A       45%         6
 Summon Cactus Giant      Summ           11%        N/A       77%         6
 Ignition                 Fire           36%        3d11      86%         8
 Lehudib's Crystal Spear  Conj/Erth      35%        10d9      91%         8
 Necromutation            Tmut/Necr      31%        N/A       99%         8
 Borgnjor's Revivificati  Necr           28%        N/A       100%        8
 Death's Door             Necr           28%        N/A       100%        9


Dungeon Overview and Level Annotations

Branches:
Dungeon (15/15)            Temple (0/1) D:6            Lair (5/5) D:11
  Swamp (4/4) Lair:2        Snake (0/4) Lair:2        Slime (0/5) Lair:5
    Orc (2/2) D:10            Elf (0/3) Orc:2        Vaults (0/5) D:14
 Depths (0/4) D:15         Bailey (visited)         Volcano (visited)

Altars:
Cheibriados
Dithmenos
Gozag
Kikubaaqudgha
Makhleb
Okawaru
Qazlal
Ru
Vehumet
Wu Jian
Xom
Jiyva

Shops:
D:3 (   D:5 *   Orc:2 *!(!

Portals:
Hell: Lair:5


Innate Abilities, Weirdness & Mutations

You have a moderately thin skeletal structure. (Dex +4, Stealth++)
You are mostly covered in sharp spines.
When hurt, damage is shared between your health and your magic reserves.
You regenerate magic rapidly.
Your touch may irresistibly damage your foes and sap their willpower.
You are dopey. (Int -2)
You are robust. (+10% HP)


Message History

The four-headed hydra barely misses you.
The four-headed hydra bites you but does no damage.
The four-headed hydra bites you.
* * * LOW HITPOINT WARNING * * *
The four-headed hydra is wracked by anguish.
The four-headed hydra closely misses you.
The swamp dragon is engulfed in blazing flames.
The swamp dragon is struck by your spines.
You kill the swamp dragon!
Cheibriados appreciates the change of pace.
The swamp dragon scales are intact enough to wear.
The thorn hunter barely misses you. The thorn hunter hits you!
* * * LOW HITPOINT WARNING * * *
The will-o-the-wisp gestures.
The will-o-the-wisp conjures some foxfire!
The swamp dragon breathes poison at you.
The blast of poison engulfs you but does no damage.
You resist.
The five-headed hydra roars!
You hear a roar! 2 foxfires come into view.
Okay, then.
As you read the scroll of fear, it crumbles to dust.
You assume a fearsome visage.
The foxfire is unaffected.
The swamp dragon looks frightened!
The lindwurm looks frightened!
The swamp dragon looks frightened!
The seven-headed hydra resists with some effort.
The swamp drake looks frightened!
The swamp dragon looks frightened!
The swamp drake looks frightened!
The foxfire is unaffected.
The six-headed hydra resists with some effort.
The thorn hunter is unaffected.
The four-headed hydra resists with almost no effort.
The eight-headed hydra looks frightened!
The five-headed hydra looks frightened!
The swamp drake looks frightened!
The will-o-the-wisp is unaffected.
The alligator looks frightened!
The bunyip looks frightened!
The swamp dragon looks frightened!
The bunyip looks frightened!
You feel sick.
The alligator looks more healthy.
The foxfire hits you!
* * * LOW HITPOINT WARNING * * *
The foxfire hits you!!
You die...

~## ~.♣~PPk..§.. ♣#
#~PP§~~D~v♣. #
##D.♣.§D.$.~. ..§.~§..D..~
♣§§~§§...~. ♣ ##♣§D§§§...~~
.# #♣.§§§D§§...~. ~~#
#♣♣~D§Dv§§...~.. .~.#
♣~~~☼@fk§....... ....
~PP~..☼°v°§§♣.~..~
~~(..~.~.~♣P~~§°.D.~..♣.~.~
.....♣♣P.......D..k~...
.~~?k.P~.§.~.~.xD.$....
♣~..!.~...~(~.k~D...~.
♣....~..~~..~~.Dkt.
♣.~...~~§..x.~..~ ♣.~.~~.♣


You could see a thorn hunter, 2 bunyips, an alligator (fleeing), an eight-headed
hydra (fleeing), a seven-headed hydra (anguished), a six-headed hydra, a
five-headed hydra (fleeing), a four-headed hydra (anguished), 4 swamp dragons, a
lindwurm (fleeing, anguished), a will-o-the-wisp and 3 swamp drakes.

Vanquished Creatures
  Jorgrun (Orc:1)
  3 fenstrider witches (Swamp:3)
  An orc warlord (D:14)
  The ghost of hofbold the Fighter, a journeyman OgMo of the Shining One (Lair:2)
  4 eleionomae
  5 bunyips
  The ghost of Qioq the Marksspriggan, a journeyman SpHu of Hepliaklqana (Orc:1)
  Snorg (D:10)
  Josephine (D:15)
  8 vault guards (D:14)
  17 hydras
  4 ghost crabs
  2 catoblepae
  7 centaur warriors
  A dancing weapon (Volcano)
  Erica (D:10)
  4 boulder beetles
  6 alligators
  2 tengu warriors
  A vampire mage (D:15)
  A sun demon (Lair:5)
  Nergalle (D:10)
  Sonja (D:11)
  13 spriggans
  Amaemon (D:10)
  A titan skeleton (D:15)
  2 skeletal warriors (D:15)
  A death drake (Swamp:1)
  6 goliath frogs
  8 swamp dragons
  6 spriggan druids
  4 bog bodies
  A lindwurm (Lair:5)
  6 wizards
  A golden dragon skeleton (D:15)
  An orc knight (Bailey)
  A mana viper (shapeshifter) (D:14)
  2 deep elf pyromancers
  A necromancer (D:15)
  11 ugly things
  A wolf spider (D:15)
  An orc sorcerer (Orc:1)
  6 cyclopes
  18 elephants
  A manticore (D:12)
  An ice statue (Lair:2)
  Maurice (Orc:1)
  5 toenail golems (Volcano)
  A frost giant skeleton (D:15)
  Joseph (D:7)
  2 gargoyles
  5 black mambas
  3 orange demons
  17 cane toads
  6 yaktaurs
  8 rime drakes
  6 komodo dragons
  Maggie (D:10)
  An efreet (D:14)
  6 trolls
  3 ice devils (Lair:5)
  A hellwing (Lair:5)
  A tengu conjurer (D:14)
  A red devil (Lair:5)
  5 meliai
  6 polar bears
  6 tyrant leeches
  16 blink frogs
  8 hornets
  A blink frog (shapeshifter) (D:15)
  5 slime creatures (D:13)
  A dream sheep (Lair:2)
  8 wraiths
  2 shadows
  3 wyverns
  A culicivora (shapeshifter) (D:14)
  49 yaks
  A vampire (D:11)
  6 basilisks
  4 vampire mosquitoes (D:13)
  An acid dragon (D:13)
  Grum (D:10)
  13 swamp worms
  Edmund (D:4)
  3 hell hounds (Lair:5)
  10 water moccasins
  A tengu skeleton (D:15)
  A meliai simulacrum (D:14)
  4 black bears
  A sky beast (shapeshifter) (D:12)
  An ice beast (D:7)
  4 ogres
  3 swamp drakes
  36 orc warriors
  A sky beast (D:7)
  12 wolves
  14 centaurs
  4 phantoms
  5 kobold brigands
  11 bullfrogs
  3 scorpions (D:5)
  10 wights
  7 killer bees
  4 howler monkeys
  An electric eel (Lair:4)
  4 crimson imps (D:3)
  3 hounds
  An iron imp (D:3)
  2 jellies
  15 orc priests
  Crazy Yiuf (D:3)
  9 iguanas
  7 hell rats (Lair:3)
  Natasha (D:3)
  22 orc wizards
  9 adders
  2 ufetubi
  A worm (D:3)
  4 dart slugs
  73 orcs
  6 endoplasms
  5 giant cockroaches
  10 goblins
  3 hobgoblins
  44 kobolds
  6 quokkas
  9 ball pythons
  5 bats
  6 frilled lizards
  5 rats
  2 rat zombies (D:9)
766 creatures vanquished.

Vanquished Creatures (collateral kills)
  A komodo dragon (Lair:5)
  A hell hound (Lair:5)
  An orc (Bailey)
3 creatures vanquished.

Vanquished Creatures (others)
  A wizard (Lair:5)
  2 orc knights (Orc:2)
  A bloated husk (Swamp:1)
  A meliai (D:14)
  A swamp worm (Swamp:3)
  An orc wizard (D:7)
  2 briar patches (Swamp:4)
  7 foxfires (Swamp:4)
  71 fungi
  81 plants
  8 withered plants (D:15)
176 creatures vanquished.

Grand Total: 945 creatures vanquished

Notes
Turn   | Place    | Note
-------+----------+-------------------------------------------
     0 | D:1      | Ijustatesigmund the Demonspawn Conjurer began the quest for
                  | the Orb.
     0 | D:1      | Reached XP level 1. HP: 13/13 MP: 3/3
   627 | D:1      | Gained mutation: You have a somewhat thin skeletal
                  | structure. (Dex +2, Stealth+) [demonic ancestry]
   627 | D:1      | Reached XP level 2. HP: 20/20 MP: 1/5
  1097 | D:1      | Found a faded altar of an unknown god.
  1273 | D:2      | Reached skill level 1 in Fighting
  1466 | D:2      | Learned a level 2 spell: Searing Ray
  1501 | D:2      | Found an ornate altar of the Wu Jian Council.
  1815 | D:2      | Gained mutation: You are partially covered in sharp spines.
                  | [demonic ancestry]
  1815 | D:2      | Reached XP level 3. HP: 26/26 MP: 6/6
  2016 | D:3      | Found Ciptieha's Antique Weapon Boutique.
  2072 | D:3      | Gained mutation: You regenerate magic rapidly. [demonic
                  | ancestry]
  2072 | D:3      | Reached XP level 4. HP: 33/33 MP: 8/8
  2526 | D:3      | You fall into a shaft and drop 3 floors!
  2532 | D:6      | Noticed an ogre
  2546 | D:6      | Killed an ogre
  2547 | D:6      | Reached skill level 5 in Conjurations
  2547 | D:6      | Reached XP level 5. HP: 31/41 MP: 10/10
  2593 | D:6      | Found a shadowy altar of Dithmenos.
  2616 | D:5      | Entered Level 5 of the Dungeon
  2631 | D:5      | Noticed a phantom
  2631 | D:5      | Noticed an ogre
  2635 | D:5      | Noticed a centaur
  2641 | D:5      | Noticed a phantom
  2774 | D:5      | Gained mutation: Your touch may inflict minor irresistible
                  | damage on your foes. [demonic ancestry]
  2774 | D:5      | Reached XP level 6. HP: 39/47 MP: 11/11
  3072 | D:3      | Found a shimmering altar of Xom.
  3143 | D:3      | Found a snail-covered altar of Cheibriados.
  3143 | D:3      | Noticed Natasha
  3159 | D:3      | Killed Natasha
  3240 | D:3      | Became a worshipper of Cheibriados the Contemplative
  3293 | D:3      | Found a runed translucent door.
  3294 | D:3      | Noticed Crazy Yiuf
  3300 | D:3      | Killed Crazy Yiuf
  3468 | D:3      | Reached skill level 1 in Invocations
  3468 | D:3      | Gained mutation: When hurt, damage is shared between your
                  | health and your magic reserves. [demonic ancestry]
  3468 | D:3      | Reached XP level 7. HP: 53/53 MP: 13/13
  3694 | D:4      | Reached skill level 1 in Evocations
  3700 | D:4      | Learned a level 4 spell: Sticky Flame
  3804 | D:4      | Reached * piety under Cheibriados
  3811 | D:4      | Reached skill level 2 in Invocations
  3967 | D:4      | Noticed Edmund
  3973 | D:4      | Killed Edmund
  3974 | D:4      | Reached skill level 1 in Fire Magic
  4505 | D:5      | Reached skill level 3 in Invocations
  4565 | D:5      | Reached XP level 8. HP: 57/60 MP: 15/15
  4626 | D:5      | Reached skill level 5 in Spellcasting
  4839 | D:5      | Reached skill level 4 in Invocations
  5000 | D:5      | Reached ** piety under Cheibriados
  5303 | D:5      | Found Onehyoto's Serpentskin Sales.
  5308 | D:5      | Bought a +1 buckler of poison resistance for 148 gold
                  | pieces
  5445 | D:6      | Reached skill level 1 in Shields
  5512 | D:6      | Reached skill level 5 in Fire Magic
  5553 | D:6      | Reached XP level 9. HP: 65/65 MP: 17/17
  5745 | D:6      | Found an ornate altar of the Wu Jian Council.
  5892 | D:6      | Found a staircase to the Ecumenical Temple.
  6048 | D:7      | Reached *** piety under Cheibriados
  6379 | D:7      | Noticed Joseph
  6390 | D:7      | Killed Joseph
  6892 | D:7      | Reached skill level 5 in Invocations
  7191 | D:8      | Found a sacrificial altar of Ru.
  7233 | D:8      | Reached **** piety under Cheibriados
  7461 | D:8      | Reached skill level 6 in Invocations
  7530 | D:8      | Reached skill level 1 in Maces & Flails
  7530 | D:8      | Gained mutation: Your touch may inflict irresistible damage
                  | on your foes. [demonic ancestry]
  7530 | D:8      | Reached XP level 10. HP: 73/73 MP: 16/19
  7888 | D:8      | Reached skill level 5 in Fighting
  8246 | D:8      | Reached ***** piety under Cheibriados
  8620 | D:8      | Reached skill level 7 in Invocations
  8867 | D:9      | Found a radiant altar of Vehumet.
  8872 | D:9      | Noticed a centaur warrior
  8877 | D:9      | Killed a centaur warrior
  8930 | D:9      | Found a flagged portal.
  8942 | Bailey   | Entered a bailey
  9883 | Bailey   | Noticed an orc knight
  9908 | Bailey   | Killed an orc knight
  9909 | Bailey   | Reached XP level 11. HP: 39/81 MP: 8/21
 10014 | Bailey   | Reached skill level 5 in Armour
 10014 | Bailey   | Reached skill level 5 in Shields
 10014 | Bailey   | Gained mutation: You have a moderately thin skeletal
                  | structure. (Dex +4, Stealth++) [demonic ancestry]
 10014 | Bailey   | Reached XP level 12. HP: 88/88 MP: 22/22
 10191 | D:9      | Reached skill level 8 in Invocations
 10289 | D:9      | Found an ancient bone altar of Kikubaaqudgha.
 10654 | D:10     | Entered Level 10 of the Dungeon
 10728 | D:10     | Noticed Maggie
 10739 | D:10     | Killed Maggie
 10922 | D:10     | Found a staircase to the Orcish Mines.
 10963 | D:10     | Noticed Grum
 11044 | D:10     | Killed Grum
 11097 | D:10     | Found an opulent altar of Gozag.
 11254 | D:10     | Noticed Nergalle
 11263 | D:10     | Killed Nergalle
 11867 | D:10     | Noticed Snorg
 11879 | D:10     | Killed Snorg
 12192 | D:10     | Found an iron altar of Okawaru.
 12231 | D:10     | Noticed Erica
 12239 | D:10     | Killed Erica
 12333 | D:11     | Noticed Amaemon
 12348 | D:10     | Killed Amaemon
 12349 | D:10     | Reached skill level 9 in Invocations
 12440 | D:11     | Reached ****** piety under Cheibriados
 12499 | D:11     | Found a staircase to the Lair.
 12556 | D:11     | Noticed Sonja
 12630 | D:11     | Killed Sonja
 12652 | D:11     | Identified the +1 leather armour "Sydacka" {Rampage rElec
                  | rC- Will+}
 13047 | D:11     | Found a stormy altar of Qazlal.
 13121 | Lair:1   | Entered Level 1 of the Lair of Beasts
 13657 | Lair:1   | Reached skill level 10 in Armour
 14323 | Lair:2   | Gained mutation: You are mostly covered in sharp spines.
                  | [demonic ancestry]
 14323 | Lair:2   | Reached XP level 13. HP: 95/95 MP: 24/24
 14397 | Lair:2   | Learned a level 3 spell: Ignite Poison
 14752 | Lair:2   | Found a staircase to the Swamp.
 14774 | Lair:2   | Found a transporter.
 14808 | Lair:2   | Reached skill level 1 in Poison Magic
 14814 | Lair:2   | Reached skill level 1 in Transmutations
 14831 | Lair:2   | Found a staircase to the Snake Pit.
 15156 | Lair:2   | Noticed hofbold's ghost (journeyman OgMo)
 15158 | Lair:2   | Found a transporter.
 16685 | Lair:4   | You fall into a shaft and drop 1 floor!
 16685 | Lair:5   | Entered Level 5 of the Lair of Beasts
 16730 | Lair:5   | Reached skill level 5 in Evocations
 16898 | Lair:5   | Gained mutation: Your system is resistant to poisons.
                  | (rPois) [potion of mutation]
 16898 | Lair:5   | Gained mutation: You occasionally lose the ability to drink
                  | potions when taking damage. [potion of mutation]
 16898 | Lair:5   | Gained mutation: You expend magic power (3 MP) to
                  | strengthen your wands. [potion of mutation]
 16899 | Lair:5   | Lost mutation: You expend magic power (3 MP) to strengthen
                  | your wands. [potion of mutation]
 16899 | Lair:5   | Lost mutation: Your system is resistant to poisons. (rPois)
                  | [potion of mutation]
 16899 | Lair:5   | Lost mutation: You occasionally lose the ability to drink
                  | potions when taking damage. [potion of mutation]
 16899 | Lair:5   | Gained mutation: You are clumsy. (Dex -2) [potion of
                  | mutation]
 16899 | Lair:5   | Gained mutation: You passively dampen the noise of your
                  | surroundings. [potion of mutation]
 16900 | Lair:5   | Lost mutation: You passively dampen the noise of your
                  | surroundings. [potion of mutation]
 16900 | Lair:5   | Lost mutation: You are clumsy. (Dex -2) [potion of
                  | mutation]
 16900 | Lair:5   | Gained mutation: You are frail. (-10% HP) [potion of
                  | mutation]
 16900 | Lair:5   | Gained mutation: You are partially covered in large bone
                  | plates. (SH +4) [potion of mutation]
 16901 | Lair:5   | Lost mutation: You are partially covered in large bone
                  | plates. (SH +4) [potion of mutation]
 16901 | Lair:5   | Lost mutation: You are frail. (-10% HP) [potion of
                  | mutation]
 16901 | Lair:5   | Gained mutation: You are dopey. (Int -2) [potion of
                  | mutation]
 16901 | Lair:5   | Gained mutation: You are robust. (+10% HP) [potion of
                  | mutation]
 16995 | Lair:5   | Reached skill level 5 in Poison Magic
 17065 | Lair:5   | Reached skill level 10 in Invocations
 17445 | Lair:5   | Reached XP level 14. HP: 60/114 MP: 9/25
 17449 | Lair:5   | Reached skill level 5 in Transmutations
 17918 | Lair:5   | Reached skill level 11 in Invocations
 18728 | Lair:4   | Learned a level 3 spell: Stone Arrow
 19194 | Lair:5   | Found a staircase to the Slime Pits.
 19195 | Lair:5   | Found a viscous altar of Jiyva.
 19349 | Lair:5   | Reached skill level 1 in Earth Magic
 19451 | Lair:5   | Identified the +1 robe of Decompression {Regen+}
 19591 | Lair:5   | Found a burning altar of Makhleb.
 19645 | Lair:5   | Found a gateway to Hell.
 19800 | D:11     | Upgraded the game from 0.30-a0-378-g86d51d8b50 to
                  | 0.30-a0-385-gfebfb9b408
 20447 | D:12     | Learned a level 2 spell: Passwall
 20678 | D:13     | Reached skill level 12 in Invocations
 21868 | D:14     | Noticed an orc warlord
 21874 | D:14     | Killed an orc warlord
 22072 | D:14     | Gained mutation: Your touch may irresistibly damage your
                  | foes and sap their willpower. [demonic ancestry]
 22072 | D:14     | Reached XP level 15. HP: 104/123 MP: 12/28
 22230 | D:14     | Reached skill level 13 in Invocations
 22372 | D:14     | Reached skill level 5 in Earth Magic
 22577 | D:14     | Found a gate to the Vaults.
 22993 | D:15     | Entered Level 15 of the Dungeon
 23017 | D:15     | Noticed Josephine
 23030 | D:15     | Killed Josephine
 23548 | D:15     | Paralysed by a centaur for 3 turns
 23549 | D:15     | Reached skill level 10 in Spellcasting
 23714 | D:15     | Reached skill level 14 in Invocations
 23789 | D:15     | Found a staircase to the Depths.
 24432 | D:15     | Learned a level 4 spell: Anguish
 24732 | Orc:1    | Entered Level 1 of the Orcish Mines
 24878 | Orc:1    | Found a transporter.
 24879 | Orc:1    | Found a transporter.
 24879 | Orc:1    | Noticed Qioq's ghost (journeyman SpHu)
 24891 | Orc:1    | Noticed Jorgrun
 24895 | Orc:1    | Noticed Maurice
 24901 | Orc:1    | Killed Jorgrun
 24902 | Orc:1    | Reached skill level 1 in Necromancy
 24903 | Orc:1    | Killed Maurice
 25295 | Orc:2    | Entered Level 2 of the Orcish Mines
 25353 | Orc:2    | Found a dark tunnel.
 25362 | Volcano  | Entered a volcano
 25549 | Volcano  | Identified the +10 dagger "Ten Laest" {freeze, rElec rPois
                  | rCorr SInv}
 25619 | Volcano  | Reached skill level 1 in Hexes
 26478 | Orc:2    | Found Arureif's Distillery.
 26478 | Orc:2    | Found Zohin's Weapon Boutique.
 26480 | Orc:2    | Found Ibikeuj's Distillery.
 26482 | Orc:2    | Found Natwigug's Assorted Antiques.
 26486 | Orc:2    | Bought a potion of heal wounds for 75 gold pieces
 26486 | Orc:2    | Bought a potion of heal wounds for 75 gold pieces
 26489 | Orc:2    | Bought a potion of heal wounds for 70 gold pieces
 26494 | Orc:2    | Bought a scroll of enchant weapon for 202 gold pieces
 26494 | Orc:2    | Bought a scroll labelled BORUDE EROONOWNA for 27 gold
                  | pieces
 26494 | Orc:2    | Bought a small soapstone amulet for 135 gold pieces
 26496 | Orc:2    | Acquired the ring "Nuph" {rF+ rC+ rN+}
 26581 | Orc:2    | Found a staircase to the Elven Halls.
 26784 | Orc:1    | Killed Qioq's ghost
 26785 | Orc:1    | Reached skill level 15 in Invocations
 26798 | Orc:1    | Identified the amulet "Paympusch" {rElec Regen+ Dex+6}
 27072 | Lair:2   | Killed hofbold's ghost
 27298 | Lair:2   | Identified the +6 bardiche of Diet Blood {vorpal, rElec}
 27334 | Swamp:1  | Entered Level 1 of the Swamp
 27376 | Lair:2   | Reached XP level 16. HP: 93/132 MP: 23/30
 27612 | Swamp:1  | Reached skill level 5 in Dodging
 27780 | Swamp:1  | Identified the +10 quarterstaff of Subjectivity {drain,
                  | +Blink Str+2 Stlth+}
 28880 | Swamp:2  | Identified the +10 hand axe "Wunoder" {protect, rC+}
 28926 | Swamp:2  | Learned a level 5 spell: Borgnjor's Vile Clutch
 29374 | D:5      | Bought Rituan's Vellum of the Black Widow for 396 gold
                  | pieces
 29374 | D:5      | Bought a staff of poison for 275 gold pieces
 29374 | D:5      | Bought the Vademecum on Intoxication for 440 gold pieces
 29374 | D:5      | Bought a scroll of poison for 44 gold pieces
 29380 | D:5      | Learned a level 4 spell: Olgreb's Toxic Radiance
 29387 | D:5      | Learned a level 6 spell: Eringya's Noxious Bog
 29940 | Swamp:3  | Paralysed by a fenstrider witch for 4 turns
 30226 | Swamp:3  | Paralysed by a fenstrider witch for 5 turns
 31084 | Swamp:4  | Entered Level 4 of the Swamp
 32280 | Swamp:4  | Noticed a thorn hunter
 32302 | Swamp:4  | HP: 1/132 [will-o-the-wisp/foxfire (13)]
 32302 | Swamp:4  | Killed from afar by a will-o-the-wisp

Illustrated notes

Levels and vault maps discovered:
D:1:      nzn_arrival_water_spiral, layout_loops_ring,
          hellmonk_ecumenical_altar_leap_of_faith
D:2:      layout_basic, basic_altar, minmay_cut_off
D:3:      kennysheep_six_static_rooms, layout_basic, led_xom_imps, slow_altar_1,
          serial_shops, shop, uniq_crazy_yiuf_cottage, uniq_natasha
D:4:      layout_basic, corexii_item_surrounded_by_moat, uniq_edmund
D:5:      layout_loops_ring, kennysheep_decorative_pillar, nicolae_hexahallways,
          guppyfry_shop_venom
D:6:      layout_cave_pools, mainiacjoe_overflow_brackets,
          nicolae_dithmenos_the_darkroom, minmay_temple_entry_nine_rooms,
          grunt_ministairs_3, kennysheep_another_room
D:7:      layout_basic, uniq_joseph
D:8:      kennysheep_kobold_camp, layout_rooms, nicolae_ru_the_path_less_chosen,
          kennysheep_mini, minmay_lizard_king
D:9:      layout_roguey, lemuel_zombie_altar_kikubaaqudgha, fiery_altar_vehumet,
          enter_bailey_3
D:10:     layout_grid_maze, lemuel_coloured_pillars_altar, lemuel_crystal_altar,
          orc_0_dummy, chequers_jeans, uniq_maggie, uniq_grum, uniq_snorg,
          uniq_nergalle, uniq_erica
D:11:     layout_irregular_city, due_lair_maze_entry_diamond,
          nicolae_qazlal_eye_of_the_storm, uniq_sonja, uniq_amaemon
D:12:     minmay_isolated_rectangles_in_corner, layout_rooms
D:13:     layout_rooms
D:14:     layout_loops_ring, erik_vaults_2, grunt_ministairs_8,
          minmay_variable_closet, st_stairs_8, minmay_three_doors
D:15:     gammafunk_depths_entry_grave, layout_basic,
          nicolae_concentric_dashed_squares_wild, uniq_josephine
Lair:1:   layout_cave_pods
Lair:2:   layout_hall_layers, swamp_mist, nzn_ghost_randoct,
          serial_bayou_shore_b
Lair:3:   layout_gridlike, infiniplex_staircase_pool_2
Lair:4:   layout_layer_cave, infiniplex_staircase_pool, serial_bayou_shore_b
Lair:5:   evil_forest, layout_regular_city, slime_entry_1
Swamp:1:  layout_falls_marsh, hangedman_swamp_ruin_hall
Swamp:2:  layout_basic_swamp, evilmike_swamp_ruin_house_4
Swamp:3:  layout_basic_swamp, evilmike_swamp_ruin_house_5
Swamp:4:  swamp_alternative, layout_basic_swamp
Orc:1:    layout_caves, gammafunk_ghost_arena, uniq_jorgrun, uniq_maurice
Orc:2:    st_orc_rangers, layout_diamond_mine, basic_altar,
          nicolae_volcano_entry_lava_flow

Skill      XL: |  1  2  3  4  5  6  7  8  9 10 11 12 13 14 15 16 |
---------------+-------------------------------------------------+-----
Fighting       | 1 2 3 4 6 7 8 9 |  9.4
Spellcasting   | 3 4 5 6 7 9 10 11 | 11.8
Conjurations   | 5 6 7 8 9 |  9.3
Invocations    | 1 3 4 6 7 9 10 12 15 | 15.4
Evocations     | 1 4 5 6 |  6.5
Fire Magic     | 2 5 6 7 8 |  8.2
Shields        | 1 3 5 6 |  6.9
Maces & Flails | 1 3 4 |  4.4
Armour         | 5 10 12 | 12.3
Dodging        | 4 6 |  6.0
Poison Magic   | 5 6 8 |  8.3
Transmutations | 4 5 7 |  7.5
Earth Magic    | 4 6 |  6.0
Necromancy     | 3 4 |  4.5
Hexes          | 2 |  2.8
Stealth        | |  1.7

Action                   |  1- 3 |  4- 6 |  7- 9 | 10-12 | 13-15 | 16-18 || total
-------------------------+-------+-------+-------+-------+-------+-------++-------
Melee: Unarmed           |    11 |       |       |       |       |       ||    11
       Mace              |     2 |     8 |    67 |    65 |       |       ||   142
       Touch             |       |     1 |     1 |       |       |       ||     2
       Morningstar       |       |       |       |    55 |   553 |    60 ||   668
 Cast: Magic Dart        |    64 |    56 |   135 |   102 |   195 |    95 ||   647
       Searing Ray       |     1 |    10 |    29 |    59 |    29 |     5 ||   133
       Sticky Flame      |       |       |    16 |    59 |   152 |    38 ||   265
       Stone Arrow       |       |       |       |       |   214 |    99 ||   313
       Anguish           |       |       |       |       |     7 |    12 ||    19
       Borgnjor's Vile C |       |       |       |       |       |    20 ||    20
       Ignite Poison     |       |       |       |       |       |    19 ||    19
       Olgreb's Toxic Ra |       |       |       |       |       |    15 ||    15
       Eringya's Noxious |       |       |       |       |       |     8 ||     8
Invok: Slouch            |       |       |       |     1 |     7 |     5 ||    13
       Step From Time    |       |       |       |       |     1 |     1 ||     2
Evoke: Wand              |       |     1 |     1 |    11 |    26 |     3 ||    42
  Use: Scroll            |       |    12 |     5 |     6 |    19 |    10 ||    52
       Potion            |       |     2 |       |     2 |    16 |    13 ||    33
 Stab: Sleeping          |       |     1 |     5 |     5 |    13 |     2 ||    26
       Paralysed         |       |       |       |     4 |     2 |       ||     6
       Petrified         |       |       |       |       |     1 |       ||     1
       Distracted        |       |       |       |       |     1 |       ||     1
Armor: Robe              |     9 |     7 |    16 |    18 |     6 |       ||    56
       Troll leather arm |       |       |       |    17 |   403 |    92 ||   512
       Swamp dragon scal |       |       |       |     5 |       |       ||     5
Dodge: Dodged            |    17 |    19 |    76 |   281 |   794 |   226 ||  1413
Block: Buckler           |       |       |    22 |   163 |   484 |   118 ||   787

Table legend: (Time is in decaauts)
 A = Elapsed time spent in this place.
 B = Non-inter-level travel time spent in this place.
 C = Inter-level travel time spent in this place.
 D = Time resting spent in this place.
 E = Time spent auto-exploring this place.
 F = Levels seen in this place.
 G = Mean time per level.
                   A        B        C        D        E       F      G
               +--------+--------+--------+--------+--------+-----+--------+
         Total |  46214 |  42918 |   3296 |   8577 |  26358 |  28 | 1650.5 |
       Dungeon |  24010 |  22236 |   1774 |   3747 |  14985 |  15 | 1600.7 |
          Lair |  11388 |  10327 |   1061 |   1836 |   6690 |   5 | 2277.6 |
         Swamp |   5924 |   5699 |    225 |   2064 |   2566 |   4 | 1481.0 |
  Orcish Mines |   2949 |   2715 |    234 |    213 |   1786 |   2 | 1474.5 |
        Bailey |   1384 |   1384 |      0 |    683 |    177 |   1 | 1384.0 |
       Volcano |    557 |    557 |      0 |     34 |    152 |   1 |  557.0 |
               +--------+--------+--------+--------+--------+-----+--------+

Top non-repeatable levels by time:
  Lair:5: 2947 daAuts
  Lair:1: 2737 daAuts
    D:10: 2715 daAuts
    D:14: 2500 daAuts
     D:8: 2358 daAuts
  Lair:4: 2171 daAuts
 Swamp:3: 2131 daAuts
    D:15: 2090 daAuts
  Lair:3: 1779 daAuts
  Lair:2: 1753 daAuts
    D:11: 1725 daAuts
 Swamp:1: 1714 daAuts
   Orc:2: 1686 daAuts
     D:7: 1651 daAuts
     D:5: 1597 daAuts
